 Dungeon Crawl Stone Soup version 0.17-a0-1079-g9903972 (console) character file.

252 Monkaria the Skirmisher (level 5, -3/44 HPs)
             Began as a Demonspawn Chaos Knight on May 19, 2015.
             Slain by an ogre
             ... wielding a +0 giant club
              (20 damage)
             ... on level 4 of the Dungeon.
             The game lasted 00:02:57 (2407 turns).

Monkaria the Skirmisher (Demonspawn Chaos Knight)   Turns: 2407, Time: 00:02:57

Health: -3/44      AC:  6    Str: 16    XL:     5   Next: 89%
Magic:  5/5        EV: 11    Int: 13    God:    Xom [..*...]
Gold:   146        SH:  0    Dex: 12    Spells: 0 memorised, 4 levels left

rFire  . . .     SeeInvis .     a - +0 falchion (chaos)
rCold  . . .     Clarity  .     b - +2 leather armour
rNeg   . . .     SustAb   .     (no shield)
rPois  +         Gourm    .     y - +0 helmet
rElec  .         Spirit   .     (no cloak)
rCorr  .         Warding  .     (no gloves)
rMut   .         Stasis   .     (no boots)
MR     .....                    (no amulet)
Stlth  +.........               i - ring of poison resistance
                                g - +2 ring of strength

@: not resistant to hostile enchantments, very unstealthy
A: powered by death 2
a: Renounce Religion


You were on level 4 of the Dungeon.
You worshipped Xom.
You were a toy of Xom.
You were not hungry.

You visited 2 branches of the dungeon, and saw 5 of its levels.

You collected 146 gold pieces.

Inventory:

Hand weapons
 a - a +0 falchion of chaos (weapon)
Missiles
 j - 40 poisoned needles
Armour
 b - a +2 leather armour (worn)
 y - a +0 helmet (worn)
Jewellery
 g - a +2 ring of strength (left hand)
 i - a ring of poison resistance (right hand)
 r - an uncursed ring of see invisible
Magical devices
 t - a wand of polymorph (7)
 C - a wand of cold (4)
 E - a wand of draining (3)
Scrolls
 f - 5 scrolls of identify {unknown}
 h - a scroll of noise {unknown}
 m - a scroll of amnesia {unknown}
 p - a scroll of enchant weapon {unknown}
 q - a scroll of fog {unknown}
 s - a scroll of random uselessness {unknown}
 w - a scroll of magic mapping {unknown}
 z - a scroll of teleportation {unknown}
 B - a scroll of recharging {unknown}
Potions
 e - a potion of beneficial mutation {unknown}
 k - 2 potions of resistance {unknown}
 n - 2 potions of cancellation {unknown}
 o - 2 potions of poison {unknown}
 v - a potion of mutation {unknown}
 x - a potion of haste {unknown}
 D - a potion of ambrosia {unknown}
Comestibles
 c - a bread ration
 d - a meat ration
 l - 2 beef jerkies
 A - a royal jelly


   Skills:
 - Level 5.0 Fighting
 + Level 4.7 Long Blades
 - Level 1.7 Armour
 - Level 0.8 Dodging


You had 4 spell levels left.
You didn't know any spells.

Dungeon Overview and Level Annotations

Branches:
Dungeon (4/15)             Temple (1/1) D:4

Altars:
Ashenzari
Dithmenos
Gozag
Kikubaaqudgha
Makhleb
Nemelex Xobeh
Okawaru
Ru
Sif Muna
Vehumet
Zin
The Shining One


Innate Abilities, Weirdness & Mutations

You can steal the life force of defeated enemies.


Message History

Reactivating autopickup.
You feel a bit more experienced.
You hit the ogre.
The ogre is lightly wounded.
The ogre barely misses you.
You hit the ogre.
The ogre is moderately wounded.
The ogre hits you with a giant club!
You hit the ogre.
You heal the ogre.
The ogre is completely healed.
The ogre misses you.
You barely miss the ogre. You barely miss the ogre.
The ogre completely misses you.
You closely miss the ogre. The ogre hits you with a giant club!
A shower of butterflies erupts from you!
You closely miss the ogre. The ogre hits you with a giant club.
You hit the ogre.
The ogre seems to speed up.
The ogre is lightly wounded.
The ogre hits you with a giant club!!
You die...
Xom cackles wildly!

#.# #........
##.######.......<
##..#....#........
##..#......###.####
#..##......# #.# #
#.###......# #.# #
#.b###....## #.# #
##.####.### #.# #
#@b# #.# #.# # ##O#
#.# #.# .# #.# #.#
b# .# .. #. . .##


You could see an ogre.

Vanquished Creatures
  A phantom (D:3)
  A worker ant (D:3)
  Natasha (thrice) (D:3)
  A white imp (D:3)
  3 adders
  An adder skeleton (D:4)
  3 worms
  2 giant geckos
  4 orcs (D:3)
  4 bats
  6 giant cockroaches
  6 hobgoblins
  A jackal (D:2)
  4 giant newts
  9 goblins
  8 kobolds
  6 rats
63 creatures vanquished.

Notes
Turn   | Place    | Note
--------------------------------------------------------------
     0 | D:1      | Monkaria the Demonspawn Chaos Knight began the quest for the Orb.
     0 | D:1      | Reached XP level 1. HP: 18/18 MP: 1/1
   196 | D:1      | Gained mutation: You can steal the life force of nearby defeated enemies. [demonic ancestry]
   196 | D:1      | Reached XP level 2. HP: 17/24 MP: 2/2
   463 | D:1      | XOM: harmless Divn miscast
   699 | D:2      | Reached skill level 4 in Fighting
   932 | D:2      | XOM: divination: magic mapping
  1049 | D:2      | Reached XP level 3. HP: 28/30 MP: 3/3
  1359 | D:3      | XOM: divination: detect items
  1391 | D:3      | Reached skill level 5 in Fighting
  1391 | D:3      | Reached XP level 4. HP: 17/39 MP: 4/4
  1533 | D:3      | Noticed a phantom
  1553 | D:3      | XOM: potion effect (might)
  1560 | D:3      | Killed a phantom
  1560 | D:3      | Gained mutation: You can steal the life force of defeated enemies. [demonic ancestry]
  1560 | D:3      | Reached XP level 5. HP: 18/44 MP: 5/5
  1567 | D:3      | Noticed Natasha
  1574 | D:3      | Killed Natasha
  1741 | D:3      | Noticed Natasha
  1747 | D:3      | Killed Natasha
  2028 | D:3      | Noticed Natasha
  2032 | D:3      | Killed Natasha
  2116 | D:4      | Found a staircase to the Ecumenical Temple.
  2150 | Temple   | Entered the Ecumenical Temple
  2393 | D:4      | Noticed an ogre
  2405 | D:4      | XOM: butterfly on damage
  2407 | D:4      | Slain by an ogre

Vault maps used:
D:1:      dpeg_arrival_refuge, corexii_leaking_fountain, st_stairs_9
D:2:      kennysheep_generic_room_8
D:3:      uniq_natasha
D:4:      kennysheep_goblin_castle
Temple:   circular_temple_12

Action                   |  1- 3 |  4- 6 || total
-------------------------+-------+-------++-------
Melee: Falchion          |   108 |   118 ||   226
 Stab: Confused          |     1 |       ||     1
  Eat: Chunk             |     1 |     4 ||     5
